 Adventure DCSS version bcrawl-1.22 (webtiles) character file.

Game seed: 6528414995425505430

144196 funkygono the Eclecticist (level 17, -30/99 HPs)
             Began as a Fairy Conjurer on May 14, 2020.
             Was the Champion of Vehumet.
             Killed from afar by Nikola (45 damage)
             ... with a bolt of lightning
             ... on level 1 of the Shoals on May 16, 2020.
             The game lasted 02:27:49 (30082 turns).

funkygono the Eclecticist (Fairy Conjurer)         Turns: 30082, Time: 02:27:49

Health: -30/99     AC: 15    Str: 15    XL:     17   Next: 9%
Magic:  20/50      EV: 26    Int: 26    God:    Vehumet [******]
Gold:   3009       SH: 28    Dex: 22    Spells: 9/52 levels left
                                        Lives:  0   Deaths: 2

rFire    . . .     SeeInvis +   Z - +5 falchion of Bile {elec, rF- Str+9 Int+2}
rCold    . . .     Gourm    .   I - +4 medium shield
rNeg     + . .     Faith    .   (armour unavailable)
rPois    .         Spirit   .   c - +0 helmet of Lowyir {+Inv Regen+ Dex+3}
rElec    .         Reflect  .   C - +2 cloak
rCorr    +         Harm     .   m - +0 pair of gloves of Fuiluuf {rF+ rCorr Str-2 SInv}
MR       +....                  l - +1 pair of boots
Stlth    +.........             g - amulet of magic regeneration
HPRegen  0.66/turn              s - ring "Lehorchu" {rN+ Str+2 Dex+4}
MPRegen  0.57/turn              F - ring of magical power

@: flying evasively
A: small, magic attunement, unstealthy, unfitting armour, able to fly, AC/SH +8
}: 1/15 runes: gossamer
a: Stop Flying, Renounce Religion, Evoke Invisibility


You were on level 1 of the Shoals.
You worshipped Vehumet.
Vehumet was exalted by your worship.
You were not hungry.

You visited 6 branches of the dungeon, and saw 24 of its levels.
You also visited: Ossuary, Bailey, Gauntlet and Volcano.

You collected 3169 gold pieces.
You spent 160 gold pieces at shops.

Inventory:

Hand Weapons
 r - a +5 dagger of draining
 Z - the +5 falchion of Bile (weapon) {elec, rF- Str+9 Int+2}
   (You found it on level 5 of the Lair of Beasts)

   Occasionally, upon striking a foe, it will discharge some electrical energy
   and cause terrible harm.
   It affects your strength (+9).
   It affects your intelligence (+2).
   It makes you vulnerable to fire.
Armour
 c - the +0 helmet of Lowyir (worn) {+Inv Regen+ Dex+3}
   (You acquired it on level 10 of the Dungeon)

   It affects your dexterity (+3).
   It lets you turn invisible.
   It increases your rate of regeneration.
 h - a +2 helmet of see invisible
 l - a +1 pair of boots (worn)
 m - the +0 pair of gloves of Fuiluuf (worn) {rF+ rCorr Str-2 SInv}
   (You acquired it on level 5 of the Lair of Beasts)

   It affects your strength (-2).
   It protects you from fire.
   It lets you see invisible.
   It provides partial protection from all sources of acid and corrosion.
 y - a scarf of resistance
 C - a +2 cloak (worn)
 I - a +4 medium shield (worn)
Magical Staves
 L - an uncursed staff of fire
Jewellery
 g - an amulet of magic regeneration (around neck)
 s - the ring "Lehorchu" (left hand) {rN+ Str+2 Dex+4}
   (You acquired it on level 5 of the Dungeon)

   [ring of positive energy]

   It affects your strength (+2).
   It affects your dexterity (+4).
   It protects you from negative energy.
 t - the ring of Paturch {rElec rN+ Int+4 Dex-2}
   (You found it in the Orcish Mines)

   [ring of dexterity]

   It affects your intelligence (+4).
   It affects your dexterity (-2).
   It insulates you from electricity.
   It protects you from negative energy.
 B - a +4 ring of strength
 F - a ring of magical power (right hand)
 Q - an uncursed ring of ice
 U - an uncursed ring of fire
Scrolls
 o - 4 scrolls of fear
 q - 11 scrolls of remove curse
 u - a scroll of immolation
 w - 7 scrolls of fog
 x - 4 scrolls of magic mapping
 A - 5 scrolls of summoning
 E - 8 scrolls of blinking
 M - 9 scrolls of teleportation
 S - a scroll of vulnerability
 T - a scroll of amnesia
Potions
 a - 3 potions of agility
 b - 5 potions of magic
 d - 2 potions of haste
 f - 5 potions of flight
 j - 2 potions of lignification
 n - 7 potions of brilliance
 p - 2 potions of berserk rage
 v - 3 potions of resistance
 z - 4 potions of cancellation
 D - 3 potions of might
 G - 7 potions of curing
 N - 5 potions of ambrosia
 P - 5 potions of mutation
Comestibles
 e - 36 rations {!d}
 i - 12 chunks of flesh


   Skills:
 + Level 3.4 Fighting
 + Level 4.6(4.9) Short Blades
 + Level 1.5(2.9) Long Blades
 + Level 10.2 Dodging
 - Level 2.1 Stealth
 + Level 12.7 Shields
 + Level 18.1 Spellcasting
 + Level 18.0 Conjurations
 + Level 5.9 Hexes
   Level 0.4 Transmutations
 + Level 10.9 Fire Magic
 + Level 6.7 Ice Magic
 + Level 8.0 Air Magic
 + Level 9.1 Earth Magic
 + Level 9.7 Poison Magic


You had 9 spell levels left.
You knew the following spells:

 Your Spells              Type           Power        Failure   Level  Hunger
a - Magic Dart            Conj           ####         0%          1    None
b - Searing Ray           Conj           #######.     0%          2    None
c - Iskenderun's Mystic   Conj           #######.     0%          3    None
d - Fulminant Prism       Conj/Hex       ######....   1%          4    None
e - Bolt of Fire          Conj/Fire      #######...   1%          6    None
f - Fireball              Conj/Fire      #######...   1%          5    None
g - Dazzling Spray        Conj/Hex       ######       1%          3    None
i - Mephitic Cloud        Conj/Pois/Air  ######..     1%          3    None
j - Bolt of Cold          Conj/Ice       ######....   1%          6    None
k - Bolt of Magma         Conj/Fire/Erth ######....   1%          5    None
l - Venom Bolt            Conj/Pois      #######...   1%          5    None

Your spell library contained the following spells:

 Spells                   Type           Power        Failure   Level  Hunger
 Lehudib's Crystal Spear  Conj/Erth      #######...   26%         8    None
 Glaciate                 Conj/Ice/Air   ######....   61%         8    None
 Fire Storm               Conj/Fire      #######...   94%         9    None
 Flame Tongue             Conj/Fire      #####        0%          1    None
 Corona                   Hex            ######.      1%          1    None
 Slow                     Hex            ######..     1%          1    None
 Ensorcelled Hibernation  Hex/Ice        ######       1%          2    None
 Flaming Arrows           Chrm/Fire      ######..     1%          2    None
 Poisonous Vapours        Pois/Air       ######       1%          2    None
 Shackle                  Hex            ######..     1%          2    None
 Confuse                  Hex            ######..     1%          3    None
 Conjure Flame            Conj/Fire      #######.     1%          3    None
 Inner Flame              Hex/Fire       N/A          1%          3    None
 Spider Form              Tmut/Pois      ###          1%          3    None
 Tukima's Dance           Hex            ######..     1%          3    None
 Sticky Flame             Conj/Fire      #######.     1%          4    None
 Irradiate                Conj/Tmut      ######....   1%          5    None
 Iskenderun's Battlesphe  Conj/Chrm      ######..     1%          5    None
 Lightning Bolt           Conj/Air       ######....   1%          5    None
 Conjure Ball Lightning   Conj/Air       ######....   1%          6    None
 Iron Shot                Conj/Erth      #######...   1%          6    None
 Poison Arrow             Conj/Pois      #######...   1%          6    None
 Orb of Destruction       Conj           #######...   1%          7    None
 Spectral Weapon          Hex/Chrm       #####...     3%          3    None
 Blink                    Tloc           N/A          6%          2    None
 Call Imp                 Summ           ###...       6%          2    None
 Icicle Burst             Conj/Ice       ######....   6%          7    None
 Mana Rupture             Conj/Hex       ######....   7%          7    None
 Metabolic Englaciation   Hex/Ice        ######....   9%          5    None
 Ice Form                 Ice/Tmut       #####...     10%         4    None
 Ozocubu's Refrigeration  Ice            ######....   11%         6    None
 Spellforged Servitor     Conj/Summ      ######....   22%         7    None
 Freezing Cloud           Ice/Air        ######....   30%         6    None
 Summon Mana Viper        Hex/Summ       #####...     34%         5    None
 Chain Lightning          Conj/Air       ######....   34%         8    None
 Darkness                 Hex            ######....   50%         6    None
 Invisibility             Hex            ######..     50%         6    None
 Steam Barrier            Chrm/Fire      ######....   56%         6    None
 Infestation              Hex/Tmut/Pois  ######...    58%         6    None
 Ignition                 Fire           ######....   61%         8    None
 Borgnjor's Vile Clutch   Necr/Erth      #####.....   69%         6    None
 Simulacrum               Ice/Necr       #####.....   86%         6    None
 Shadow Creatures         Summ           N/A          100%        6    None
 Summon Hydra             Summ           ###.......   100%        6    None
 Monstrous Menagerie      Summ           ###.......   100%        7    None
 Time Stop                Chrm/Tloc      N/A          100%        8    None
 Shatter                  Erth           ######....   100%        9    None
 Tornado                  Air            ######....   100%        9    None


Dungeon Overview and Level Annotations

Branches:
Dungeon (12/12)            Temple (1/1) D:4            Lair (6/6) D:8
 Shoals (1/3) Lair:2       Spider (3/3) Lair:3        Slime (0/5) Lair:5
    Orc (1/1) D:8             Elf (0/3) Orc          Vaults (0/3) D:12
 Depths (0/5) D:12

Altars:
Ashenzari
Cheibriados
Dithmenos
Elyvilon
Fedhas
Gozag
Hepliaklqana
Kikubaaqudgha
Lugonu
Makhleb
Nemelex Xobeh
Okawaru
Qazlal
Ru
Sif Muna
Trog
Uskayaw
Vehumet
Wu Jian
Xom
Yredelemnul
Zin
The Shining One
Jiyva

Shops:
D:6 *   D:8 ([   D:11 %[*[*   Orc %((%!

Annotations:
D:12 exclusions: acid dragon and upstairs
Shoals:1 Nikola
Spider:3 exclusion: ghost moth


Innate Abilities, Weirdness & Mutations

Your spells do not cause hunger and MP costs are reduced by 1.
Your bright wings attract enemies. (Stealth-)
You cannot fit into any form of body armour.
Your shimmering scales are hard and can block incoming attacks. (AC +8, SH +8)
You are small and have problems with some larger weapons.
You can fly continuously.


Message History

Aiming: Venom Bolt (safe; 1% risk of failure)
Press: ? - help, Shift-Dir - straight line, f/p - merfolk impaler
Aim: a merfolk impaler, wielding a +3 trident of protection and wearing a +0 robe (severely wounded, poisoned)
The bolt of poison hits the merfolk impaler!!
The merfolk impaler looks more poisoned.
You kill the merfolk impaler!
Vehumet accepts your kill.
Nikola zaps a wand.
You resist with almost no effort.
Things that are here:
a +0 rapier; a +0 robe
Casting: Venom Bolt (safe; 1% risk of failure)
Confirm with . or Enter, or press ? or * to list all spells.
Aiming: Venom Bolt (safe; 1% risk of failure)
Press: ? - help, Shift-Dir - straight line, f - Nikola
Aim: Nikola, wielding a +4 rapier of distortion, wearing a +0 cloak, wearing a +0 pair of gloves and carrying a wand of paralysis (5) (lightly wounded, deflecting missiles, unusually resistant)
The bolt of poison hits Nikola!
Nikola is poisoned.
Nikola is lightly wounded.
Nikola gestures at you while chanting. The bolt of lightning hits you!!!
You die...

≈..≈≈≈≈≈≈≈≈≈≈≈≈.###..≈≈≈
≈≈≈≈≈≈≈≈.≈≈≈≈≈≈.....≈≈≈≈
≈≈≈.≈≈≈....≈≈≈≈≈≈≈≈≈≈≈≈≈
≈≈..≈≈..###.≈≈≈≈≈≈....≈≈ .#
#≈≈.≈≈...###..≈≈≈≈.####≈≈
.!##.........##..≈≈≈≈.# #.≈≈
........###.....≈≈≈≈≈.###.≈≈
≈...≈≈. #...≈≈≈≈≈≈≈.....≈≈
≈≈≈≈≈≈. #@.≈≈≈≈≈≈≈≈≈≈≈≈≈≈≈
≈≈≈≈≈≈. ##)..≈≈≈@≈≈≈≈≈≈≈≈≈≈
≈≈≈≈≈≈.###...≈≈≈≈≈≈≈≈≈≈≈≈≈≈≈
≈≈≈≈≈≈≈..(..≈≈≈≈≈≈≈≈≈.≈≈≈≈≈≈
≈≈≈≈≈≈≈≈..≈≈≈≈≈≈≈≈≈≈≈≈≈≈≈≈≈≈
≈≈≈≈≈≈≈≈≈≈≈≈.≈≈≈..≈≈≈≈≈≈≈≈≈≈
≈≈≈≈≈≈≈≈≈≈≈≈.≈≈..≈≈≈≈≈≈≈≈≈≈≈
≈≈≈≈≈≈≈≈≈≈≈≈≈≈≈≈≈≈≈≈≈≈≈≈≈≈
≈≈≈≈≈≈≈≈≈≈≈≈≈≈≈≈≈≈≈


You could see Nikola.

Vanquished Creatures
  An orc warlord (Orc)
  2 ghost moths (Spider:3)
  6 emperor scorpions (Spider:3)
  A very ugly thing (D:11)
  An entropy weaver (Spider:3)
  Nessos (Lair:6)
  2 spark wasps
  A minotaur (Gauntlet)
  A merfolk javelineer (Shoals:1)
  Josephine (Lair:4)
  2 merfolk impalers (Shoals:1)
  A yaktaur captain (D:12)
  Fannar (Lair:3)
  Psyche (D:10)
  2 catoblepae (Lair:6)
  A merfolk aquamancer (Shoals:1)
  9 hydras
  5 centaur warriors
  11 two-headed ogres
  Erica (D:8)
  A satyr (Shoals:1)
  5 tengu warriors
  A deep troll shaman (Lair:6)
  11 death yaks (Lair:6)
  2 ogre magi (D:12)
  A vampire mage (D:12)
  A sea snake (Shoals:1)
  Nergalle (Lair:2)
  Urug (Lair:6)
  5 orc high priests (Orc)
  Sonja (Lair:4)
  A swamp dragon (shapeshifter) (D:12)
  An unseen horror (D:9)
  2 skeletal warriors (D:12)
  A lindwurm (Lair:4)
  2 cyclopes
  9 orc knights (Orc)
  A necromancer (D:12)
  A deep elf mage (D:11)
  19 orb spiders
  4 oklob plants
  20 wolf spiders
  7 fauns (Shoals:1)
  2 ugly things
  A manticore (Shoals:1)
  8 elephants
  4 moths of wrath
  2 salamanders (Volcano)
  2 centaur zombies
  A merfolk siren (Shoals:1)
  A water nymph (Shoals:1)
  An eye of devastation (Gauntlet)
  8 black mambas
  2 torpor snails
  A stone giant skeleton (D:12)
  A gargoyle (D:9)
  12 cane toads
  Maurice (D:8)
  2 yaktaurs (D:12)
  5 rime drakes
  A kobold demonologist (D:10)
  An efreet (D:11)
  6 komodo dragons
  3 demonic crawlers
  25 jumping spiders
  6 merfolk (Shoals:1)
  2 polar bears
  A troll (D:10)
  2 hornets
  6 dream sheep
  4 hippogriffs
  16 blink frogs
  A deep troll zombie (D:12)
  3 centaur simulacra (Gauntlet)
  A snapping turtle (Lair:2)
  5 wraiths (Lair:4)
  A vampire (D:11)
  23 tarantellas
  A spriggan skeleton (D:12)
  4 water elementals (Shoals:1)
  3 shadows
  Sigmund (D:6)
  A fire bat (Volcano)
  3 wyverns
  60 redbacks
  28 yaks
  A golden eye (Gauntlet)
  3 basilisks
  A hungry ghost (D:9)
  A steam dragon (Lair:5)
  6 wargs (Orc)
  Edmund (D:5)
  7 water moccasins
  7 crocodiles
  3 hell hounds (Volcano)
  5 acid dragons
  A tengu zombie (D:12)
  Duvessa (D:4)
  11 porcupines
  4 ice beasts
  32 orc warriors
  3 sky beasts
  2 necrophages
  3 eyes of draining
  3 black bears
  A phantom (D:6)
  10 ogres
  18 wolves
  13 centaurs
  3 big kobolds
  9 bullfrogs
  9 gnoll sergeants
  A water moccasin zombie (D:4)
  A hornet simulacrum (D:12)
  Dowan (D:4)
  5 scorpions
  8 killer bees
  11 wights
  A howler monkey (D:2)
  12 electric eels
  A wyvern simulacrum (Gauntlet)
  5 crimson imps
  3 jellies
  9 hounds
  6 gnoll shamans (Bailey)
  29 orc priests
  15 orc wizards
  4 centaur skeletons
  A bullfrog skeleton (D:4)
  4 iguanas
  6 worker ants
  3 hound skeletons
  8 mummies (Ossuary)
  2 worker ant zombies
  22 gnolls
  9 adders
  2 shadow imps
  An ooze (D:2)
  3 adder skeletons
  3 adder zombies
  6 worms
  A ball lightning (Orc)
  4 dart slugs
  7 leopard geckos
  73 orcs
  5 bats
  5 giant cockroaches
  A gnoll zombie (Ossuary)
  9 hobgoblins
  14 jackals
  3 quokkas
  6 frilled lizards
  8 goblins
  2 hobgoblin zombies (Ossuary)
  A jackal skeleton (D:5)
  2 jackal zombies
  8 kobolds
  4 kobold zombies (Ossuary)
  A leopard gecko zombie (D:6)
  An orc zombie (Ossuary)
  A quokka skeleton (D:4)
  8 rats
  A fungus (Lair:5)
  4 plants
  2 withered plants (D:12)
922 creatures vanquished.

Vanquished Creatures (collateral kills)
  A redback (Spider:3)
1 creature vanquished.

Vanquished Creatures (others)
  An emperor scorpion (Spider:3)
  The ghost of WLBjork the Peltast, a journeyman FrAE of Sif Muna (Orc)
  A two-headed ogre (Volcano)
  A moth of wrath (Orc)
  2 wargs (Orc)
  A water moccasin (Lair:4)
  2 centaurs
  2 ball lightnings (Orc)
  34 fulminant prisms
  10 fungi
  18 plants
  A withered plant (D:12)
74 creatures vanquished.

Grand Total: 997 creatures vanquished

Notes
Turn   | Place    | Note
-------+----------+-------------------------------------------
     0 | D:1      | funkygono the Fairy Conjurer began the quest for the Orb.
     0 | D:1      | Reached XP level 1. HP: 11/11 MP: 6/6
    66 | D:1      | Reached skill level 5 in Conjurations
    85 | D:1      | Reached XP level 2. HP: 17/17 MP: 7/7
    89 | D:1      | Learned a level 2 spell: Searing Ray
   341 | D:1      | Reached XP level 3. HP: 21/21 MP: 9/9
   346 | D:1      | Learned a level 3 spell: Iskenderun's Mystic Blast
   745 | D:2      | Reached XP level 4. HP: 27/27 MP: 7/10
  1218 | D:2      | Learned a level 4 spell: Fulminant Prism
  1379 | D:2      | Reached XP level 5. HP: 31/31 MP: 12/12
  1863 | D:3      | Found a sparkling altar of Nemelex Xobeh.
  2419 | D:3      | Found a sparkling altar of Nemelex Xobeh.
  2638 | D:4      | Noticed Duvessa
  2639 | D:4      | Noticed Dowan
  2642 | D:4      | Killed Duvessa
  2642 | D:4      | Reached XP level 6. HP: 36/36 MP: 5/15
  2644 | D:4      | Killed Dowan
  2644 | D:4      | Reached skill level 5 in Spellcasting
  2750 | D:4      | Learned a level 5 spell: Irradiate
  2810 | D:4      | Reached XP level 7. HP: 41/41 MP: 11/17
  3087 | D:4      | Reached skill level 1 in Shields
  3219 | D:4      | Reached skill level 1 in Hexes
  3219 | D:4      | Reached XP level 8. HP: 47/47 MP: 9/20
  3357 | D:4      | Found a corrupted altar of Lugonu.
  3607 | D:4      | Found a staircase to the Ecumenical Temple.
  3616 | Temple   | Entered the Ecumenical Temple
  3721 | Temple   | Became a worshipper of Vehumet
  3933 | D:5      | Entered Level 5 of the Dungeon
  3985 | D:5      | Reached skill level 10 in Conjurations
  4136 | D:5      | Found a sand-covered staircase.
  4141 | Ossuary  | Entered an ossuary
  4251 | Ossuary  | Reached * piety under Vehumet
  4251 | Ossuary  | Offered knowledge of Sandblast by Vehumet.
  4254 | Ossuary  | Learned a level 1 spell: Sandblast
  4548 | D:5      | Noticed a moth of wrath
  4551 | D:5      | Found a bloodstained altar of Trog.
  4625 | D:5      | Reached skill level 1 in Earth Magic
  4639 | D:5      | Reached XP level 9. HP: 32/52 MP: 14/23
  4758 | D:5      | Found a bloodstained altar of Trog.
  4772 | D:5      | Learned a level 3 spell: Dazzling Spray
  4805 | D:5      | Noticed Edmund
  4812 | D:5      | Killed Edmund
  4918 | D:5      | Identified a scroll of acquirement
  4918 | D:5      | Identified the ring "Lehorchu" {rN+ Str+2 Dex+4} (You
                  | acquired it on level 5 of the Dungeon)
  4971 | D:6      | Noticed Sigmund
  4981 | D:6      | Killed Sigmund
  5230 | D:6      | Reached ** piety under Vehumet
  5230 | D:6      | Offered knowledge of Shock by Vehumet.
  5233 | D:6      | Learned a level 1 spell: Shock
  5269 | D:6      | Found Tazxo's Assorted Antiques.
  5439 | D:6      | Reached skill level 1 in Air Magic
  5642 | D:6      | Found a shadowy altar of Dithmenos.
  6298 | D:7      | Reached skill level 10 in Spellcasting
  6507 | D:7      | Offered knowledge of Mephitic Cloud by Vehumet.
  6549 | D:7      | Reached XP level 10. HP: 35/57 MP: 21/26
  6729 | D:7      | Learned a level 3 spell: Mephitic Cloud
  6924 | D:7      | Found a shimmering blue altar of Sif Muna.
  7216 | D:8      | Reached *** piety under Vehumet
  7351 | D:8      | Reached skill level 5 in Dodging
  7668 | D:8      | Noticed Erica
  7669 | D:8      | Found a staircase to the Lair.
  7685 | D:8      | Killed Erica
  7685 | D:8      | Reached skill level 5 in Earth Magic
  7782 | D:8      | Reached skill level 5 in Shields
  7996 | D:8      | Offered knowledge of Sticky Flame by Vehumet.
  7996 | D:8      | Reached skill level 1 in Fighting
  8008 | D:8      | Learned a level 4 spell: Sticky Flame
  8322 | D:8      | Found Wien Hyn's Armour Shop.
  8322 | D:8      | Found a staircase to the Orcish Mines.
  8322 | D:8      | Found Poonoimm's Weapon Shop.
  8653 | D:8      | Noticed Maurice
  8658 | D:8      | Killed Maurice
  8658 | D:8      | Reached XP level 11. HP: 63/63 MP: 19/28
  9009 | D:9      | Found a flagged portal.
  9019 | Bailey   | Entered a bailey
  9050 | Bailey   | Reached skill level 1 in Fire Magic
  9080 | Bailey   | Reached skill level 1 in Poison Magic
  9229 | Bailey   | Reached **** piety under Vehumet
  9521 | Bailey   | Offered knowledge of Bolt of Magma by Vehumet.
  9528 | Bailey   | Learned a level 5 spell: Bolt of Magma
  9919 | D:9      | Killed an unseen horror
  9986 | D:9      | Found a shimmering altar of Xom.
  9998 | D:9      | Found a blossoming altar of Fedhas.
 10420 | Lair:1   | Entered Level 1 of the Lair of Beasts
 10443 | Lair:1   | Noticed a four-headed hydra
 10503 | Lair:1   | Reached skill level 5 in Air Magic
 10559 | Lair:1   | Killed a four-headed hydra
 11401 | Lair:2   | Noticed a six-headed hydra
 11409 | Lair:2   | Reached XP level 12. HP: 32/69 MP: 21/29
 11414 | Lair:2   | HP: 2/69 [six-headed hydra (16)]
 11415 | Lair:2   | Mangled by a six-headed hydra
 11416 | Lair:2   | Reached XP level 11. HP: -6/63 MP: 17/28
 11416 | Lair:2   | Noticed Nergalle
 11425 | Lair:2   | Killed Nergalle
 11508 | Lair:2   | Killed a six-headed hydra
 11691 | Lair:2   | Noticed a seven-headed hydra
 11694 | Lair:2   | Noticed a six-headed hydra
 11705 | Lair:2   | Killed a seven-headed hydra
 11710 | Lair:2   | Killed a six-headed hydra
 11710 | Lair:2   | Reached skill level 5 in Fire Magic
 11782 | Lair:2   | Noticed an eight-headed hydra
 11793 | Lair:2   | Killed an eight-headed hydra
 12045 | Lair:2   | Reached skill level 5 in Poison Magic
 12049 | Lair:2   | Reached ***** piety under Vehumet
 12051 | Lair:2   | Offered knowledge of Bolt of Cold by Vehumet.
 12060 | Lair:2   | Learned a level 6 spell: Bolt of Cold
 12350 | Lair:2   | Found a staircase to the Shoals.
 12695 | Lair:2   | Identified the ring "Miaj" {Ice Int+3 Dex+4 Slay-3} (You
                  | acquired it on level 2 of the Lair of Beasts)
 12993 | Lair:3   | Noticed an oklob plant
 13006 | Lair:3   | Killed an oklob plant
 13012 | Lair:3   | Identified the Almanac of Malediction
 13085 | Lair:3   | Reached XP level 12. HP: 70/70 MP: 30/30
 13120 | Lair:3   | Found a hole to the Spider Nest.
 13197 | Lair:3   | Reached skill level 1 in Ice Magic
 13199 | Lair:3   | Noticed Fannar
 13214 | Lair:3   | Killed Fannar
 13214 | Lair:3   | Reached skill level 1 in Short Blades
 14146 | Lair:4   | Noticed Josephine
 14156 | Lair:4   | Killed Josephine
 14156 | Lair:4   | Reached skill level 5 in Hexes
 14402 | Lair:4   | Found a gate leading to a gauntlet.
 14412 | Gauntlet | Entered a Gauntlet
 14412 | Gauntlet | Found a transporter.
 14412 | Gauntlet | Found a transporter.
 14427 | Gauntlet | Found a transporter.
 14428 | Gauntlet | Found a transporter.
 14443 | Gauntlet | Found a transporter.
 14464 | Gauntlet | Found a transporter.
 14480 | Gauntlet | Found a transporter.
 14499 | Gauntlet | Found a transporter.
 14503 | Gauntlet | Found a transporter.
 14503 | Gauntlet | Noticed a dire elephant
 14541 | Gauntlet | Found a transporter.
 14961 | Gauntlet | Identified the +3 leather armour of the Saviour {-Tele +Inv
                  | rElec rPois Str-4}
 14961 | Gauntlet | Noticed a minotaur
 14972 | Gauntlet | Killed a minotaur
 14986 | Gauntlet | Identified the Disquisition on Creative Air
 14990 | Gauntlet | Identified the Tome of Execration
 15058 | Lair:4   | Noticed Sonja
 15060 | Lair:4   | Killed Sonja
 15105 | Lair:4   | Reached XP level 13. HP: 74/74 MP: 32/32
 16109 | Lair:5   | Offered knowledge of Bolt of Fire by Vehumet.
 16117 | Lair:5   | Learned a level 6 spell: Bolt of Fire
 16281 | Lair:5   | Found a viscous altar of Jiyva.
 16282 | Lair:5   | Found a staircase to the Slime Pits.
 16479 | Lair:5   | Got a bloodstained falchion
 16650 | Lair:5   | Identified the +3 shortbow "Lizefaga" {elec, Dex+4} (You
                  | acquired it on level 5 of the Lair of Beasts)
 16650 | Lair:5   | Identified the +0 pair of gloves of Fuiluuf {rF+ rCorr
                  | Str-2 SInv} (You acquired it on level 5 of the Lair of
                  | Beasts)
 16650 | Lair:5   | Identified the ring "Rotyo" {Str+6 Int-3 SInv} (You
                  | acquired it on level 5 of the Lair of Beasts)
 16657 | Lair:5   | Identified the +5 falchion of Bile {elec, rF- Str+9 Int+2}
                  | (You found it on level 5 of the Lair of Beasts)
 16668 | Lair:5   | Reached skill level 1 in Long Blades
 16668 | Lair:5   | Reached skill level 5 in Ice Magic
 16668 | Lair:5   | Reached XP level 14. HP: 81/81 MP: 33/33
 16681 | Lair:6   | Entered Level 6 of the Lair of Beasts
 16742 | Lair:6   | Noticed Urug
 16769 | Lair:6   | Killed Urug
 17298 | Lair:6   | Found a dark tunnel.
 17353 | Volcano  | Entered a volcano
 18011 | Lair:6   | Noticed Nessos
 18030 | Lair:6   | Killed Nessos
 18327 | Lair:6   | Reached XP level 15. HP: 88/88 MP: 28/35
 18589 | Lair:6   | Reached skill level 10 in Shields
 18834 | Lair:6   | Offered knowledge of Venom Bolt by Vehumet.
 18834 | Lair:6   | Reached skill level 15 in Conjurations
 18848 | Lair:6   | Learned a level 5 spell: Venom Bolt
 19170 | Lair:6   | Learned a level 5 spell: Fireball
 19436 | Orc      | Entered the Orcish Mines
 19518 | Orc      | Found Gawureuf's Weapon Shop.
 19603 | Orc      | Found a transporter.
 19613 | Orc      | Noticed WLBjork's ghost (journeyman FrAE)
 19693 | Orc      | Found a transporter.
 19731 | Orc      | Found a staircase to the Elven Halls.
 19769 | Orc      | Noticed an orc warlord
 19781 | Orc      | Killed an orc warlord
 19978 | Orc      | Reached skill level 15 in Spellcasting
 20181 | Orc      | Offered knowledge of Bolt of Draining by Vehumet.
 20878 | Orc      | Found Xilag's Distillery.
 20881 | Orc      | Found Wegicaqu's Food Emporium.
 20882 | Orc      | Found Pehozur's Food Emporium.
 20883 | Orc      | Found Xatrulla's Antique Weapon Shoppe.
 20890 | Orc      | Bought a potion of heal wounds for 80 gold pieces
 20890 | Orc      | Bought a potion of heal wounds for 80 gold pieces
 20991 | Orc      | Killed WLBjork's ghost
 20993 | Orc      | HP: 1/88 [ball lightning[WLBjork's ghost] (11)]
 21022 | Orc      | Got a translucent wooden ring
 21030 | Orc      | Identified the cursed ring of Paturch {rElec rN+ Int+4
                  | Dex-2} (You found it in the Orcish Mines)
 21273 | D:10     | Entered Level 10 of the Dungeon
 21274 | D:10     | Noticed Psyche
 21286 | D:10     | Killed Psyche
 22288 | D:10     | Identified the +9 quick blade "Zaapti" {drain, rC+ rN+
                  | Stlth+} (You acquired it on level 10 of the Dungeon)
 22288 | D:10     | Identified the +0 helmet of Lowyir {+Inv Regen+ Dex+3} (You
                  | acquired it on level 10 of the Dungeon)
 22477 | D:11     | Found Lerah's Armour Shop.
 22535 | D:11     | Found Houliol's General Store.
 22674 | D:11     | Found Lopnop's Food Shoppe.
 22767 | D:11     | Reached XP level 16. HP: 76/93 MP: 4/37
 22860 | D:11     | Found Komogrup's Antique Armour Shoppe.
 22919 | D:11     | Found Urar Wum's Assorted Antiques.
 23395 | Spider:1 | Entered Level 1 of the Spider Nest
 24594 | Spider:2 | Reached ****** piety under Vehumet
 25460 | Spider:2 | Got a bloodstained hunting sling
 25461 | Spider:2 | Identified the +8 hunting sling "Hodub" {freeze, Int+2}
                  | (You found it on level 2 of the Spider Nest)
 25897 | Spider:3 | Entered Level 3 of the Spider Nest
 26797 | Spider:3 | Reached XP level 17. HP: 32/98 MP: 19/39
 26798 | Spider:3 | Offered knowledge of Lehudib's Crystal Spear by Vehumet.
 26798 | Spider:3 | Offered knowledge of Fire Storm by Vehumet.
 26798 | Spider:3 | Offered knowledge of Glaciate by Vehumet.
 27105 | Spider:3 | Reached skill level 10 in Fire Magic
 27108 | Spider:3 | Reached skill level 10 in Dodging
 27379 | Spider:2 | Slain by a ghost moth
 27380 | Spider:2 | Reached XP level 16. HP: -2/93 MP: 16/48
 27852 | Spider:3 | Got a gossamer rune of Zot
 28187 | D:12     | Entered Level 12 of the Dungeon
 28401 | D:12     | Found a gate to the Vaults.
 28644 | D:12     | Found a staircase to the Depths.
 29517 | Shoals:1 | Entered Level 1 of the Shoals
 29907 | Shoals:1 | Reached XP level 17. HP: 99/99 MP: 41/41
 30056 | Shoals:1 | Noticed Nikola
 30076 | Shoals:1 | Paralysed by Nikola for 4 turns
 30082 | Shoals:1 | Killed from afar by Nikola

Skill      XL: |  1  2  3  4  5  6  7  8  9 10 11 12 13 14 15 16 17 |
---------------+----------------------------------------------------+-----
Conjurations   | 5 6 7 9 10 11 12 13 14 15 16 18 | 18.0
Spellcasting   | 3 4 5 6 8 10 11 12 13 14 15 18 17 | 18.1
Stealth        | 2 |  2.1
Dodging        | 3 4 5 7 8 9 10 | 10.2
Shields        | 1 2 3 5 7 8 9 10 12 | 12.7
Hexes          | 1 2 4 5 |  5.9
Earth Magic    | 1 4 5 7 8 9 |  9.1
Air Magic      | 2 4 7 8 |  8.0
Fighting       | 1 2 3 |  3.4
Fire Magic     | 5 6 7 9 10 | 10.9
Poison Magic   | 5 6 7 8 9 |  9.7
Ice Magic      | 3 5 6 |  6.7
Short Blades   | 3 4 |  4.6
Long Blades    | 1 |  1.5
Transmutations | |  0.4

Action                   |  1- 3 |  4- 6 |  7- 9 | 10-12 | 13-15 | 16-18 || total
-------------------------+-------+-------+-------+-------+-------+-------++-------
Melee: Short sword       |       |     1 |       |       |       |       ||     1
       Dagger            |       |       |       |     8 |       |       ||     8
       Falchion          |       |       |       |       |     5 |    25 ||    30
Throw: Stone             |       |       |     1 |       |       |       ||     1
 Cast: Magic Dart        |    51 |    78 |   168 |   297 |   195 |    78 ||   867
       Iskenderun's Myst |     1 |     9 |    28 |    46 |    30 |    30 ||   144
       Searing Ray       |       |    13 |    33 |    73 |    42 |    22 ||   183
       Fulminant Prism   |       |     3 |    12 |    18 |     1 |       ||    34
       Irradiate         |       |       |     1 |       |       |       ||     1
       Sandblast         |       |       |    20 |     2 |       |       ||    22
       Dazzling Spray    |       |       |    17 |    93 |    41 |       ||   151
       Shock             |       |       |    16 |     3 |     2 |       ||    21
       Mephitic Cloud    |       |       |       |    15 |    22 |    16 ||    53
       Bolt of Magma     |       |       |       |    38 |    36 |    27 ||   101
       Bolt of Fire      |       |       |       |       |   100 |   133 ||   233
       Bolt of Cold      |       |       |       |       |    56 |    14 ||    70
       Venom Bolt        |       |       |       |       |    50 |   211 ||   261
       Fireball          |       |       |       |       |    20 |    21 ||    41
  Use: Scroll            |     4 |     5 |    11 |    12 |    16 |     4 ||    52
       Potion            |       |       |       |     3 |     4 |     6 ||    13
  Eat: Chunk             |       |     6 |     6 |    14 |    14 |     8 ||    48
       Ration            |       |       |     2 |     3 |     3 |     3 ||    11
Armor: Skin              |       |     2 |     7 |    35 |    18 |    43 ||   105
Dodge: Dodged            |     3 |    17 |    43 |   150 |   127 |   173 ||   513
Block: Other             |     1 |     1 |       |       |    16 |       ||    18
       Buckler           |       |     3 |    46 |    43 |       |       ||    92
       Medium shield     |       |       |       |   254 |   254 |   441 ||   949
